 Dungeon Crawl Stone Soup version 0.28.0-45-g0d030f2227 (webtiles) character file.

Game seed: 10423492940645749235

38 crimpus the Skirmisher (level 3, 0/40 HPs)
             Began as an Ogre Berserker on Apr 16, 2022.
             Was a Follower of Trog.
             Slain by a worm (12 damage)
             ... on level 2 of the Dungeon.
             The game lasted 00:00:50 (1102 turns).

crimpus the Skirmisher (Ogre Berserker)             Turns: 1102, Time: 00:00:51

Health: 0/40       AC:  3    Str: 23    XL:     3   Next: 43%
Magic:  3/3        EV: 10    Int:  8    God:    Trog [*.....]
Gold:   20         SH:  0    Dex:  8    Spells: 2/2 levels left

rFire   . . .      SeeInvis .   a - +0 mace
rCold   . . .      Faith    .   (no shield)
rNeg    . . .      Spirit   .   b - +0 animal skin
rPois   .          Reflect  .   (helmet restricted)
rElec   .          Harm     +   k - scarf {harm}
rCorr   .          Rampage  .   (gloves unavailable)
Will    .....                   (boots unavailable)
Stlth   +.........              (no amulet)
HPRegen 0.13/turn               (no ring)
MPRegen 0.08/turn               (no ring)

@: no status effects
A: large, unfitting armour, tough skin 1
a: Renounce Religion, Berserk


You were on level 2 of the Dungeon.
You worshipped Trog.
Trog was aware of your devotion.
You visited 1 branch of the dungeon, and saw 2 of its levels.

You collected 20 gold pieces.

Inventory:

Hand Weapons
 a - a +0 mace (weapon)
Armour
 b - a +0 animal skin (worn)
 k - a scarf of harm (worn)
Scrolls
 d - a scroll of teleportation {unknown}
 e - a scroll of identify {unknown}
 f - a scroll of fear {unknown}
 h - a scroll of enchant armour {unknown}
 i - a scroll of vulnerability {unknown}
Potions
 c - a potion of ambrosia {unknown}
 g - a potion of invisibility {unknown}
 j - 2 potions of attraction {unknown}
 l - a potion of flight {unknown}


   Skills:
 + Level 4.7 Fighting
 + Level 3.2 Maces & Flails
 + Level 3.1 Dodging


You had 2 spell levels left.
You didn't know any spells.
Your spell library was empty.

Dungeon Overview and Level Annotations

Branches:
Dungeon (2/15)

Altars:


Innate Abilities, Weirdness & Mutations

You are too large for most types of armour.
You have tough skin. (AC +1)


Message History

The frilled lizard bites you.
The frilled lizard bites you but does no damage.
You barely miss the frilled lizard. The frilled lizard bites you.
You barely miss the frilled lizard. The frilled lizard barely misses you.
You closely miss the frilled lizard. The frilled lizard bites you.
You sock the frilled lizard!
You kill the frilled lizard!
Trog accepts your kill.
You hit the giant cockroach.
The giant cockroach is severely wounded.
The giant cockroach bites you. The giant cockroach closely misses you.
You barely miss the giant cockroach.
The giant cockroach is severely wounded.
The giant cockroach closely misses you.
You hit the giant cockroach.
You punch the giant cockroach, but do no damage.
The giant cockroach is almost dead.
The giant cockroach bites you.
The giant cockroach bites you but does no damage.
You barely miss the giant cockroach.
The giant cockroach is almost dead.
The giant cockroach barely misses you.
You hit the giant cockroach.
You kill the giant cockroach!
Trog accepts your kill.
You barely miss the worm. You barely miss the worm.
The worm closely misses you.
You hit the worm.
The worm is moderately wounded.
The worm bites you but does no damage.
You hit the worm.
The worm is heavily wounded.
You barely miss the worm.
The worm is heavily wounded.
The worm bites you!
* * * LOW HITPOINT WARNING * * *
You hit the worm but do no damage.
The worm is moderately wounded.
The worm bites you!
You die...

>...8..?# ##
..$....####.###
#....$.#.....<#
#......#<.....#
#......#......#
#......#......#
#.####......# ###
#w##........#
#...#@##........#
#..............#
#...#.##.........
#.....##...>...###
#...####.......#
#... #####.....
..... ..... #...##
... #...


You could see a worm.

Vanquished Creatures
  An adder (D:2)
  A bat (D:1)
  3 endoplasms (D:1)
  3 giant cockroaches
  6 goblins (D:1)
  4 hobgoblins (D:1)
  2 kobolds (D:1)
  A ball python (D:1)
  3 frilled lizards
24 creatures vanquished.

Notes
Turn   | Place    | Note
-------+----------+-------------------------------------------
     0 | D:1      | crimpus the Ogre Berserker began the quest for the Orb.
     0 | D:1      | Reached XP level 1. HP: 24/24 MP: 1/1
     1 | D:1      | Noticed an electric eel
   283 | D:1      | Reached XP level 2. HP: 29/32 MP: 2/2
   315 | D:1      | Found a faded altar of an unknown god.
   695 | D:1      | Reached XP level 3. HP: 40/40 MP: 3/3
  1102 | D:2      | Slain by a worm

Illustrated notes

Levels and vault maps discovered:
D:1:      arrival_aquarium_a, layout_loops_ring, shapermc_ecumenical_altar_venn
D:2:      layout_basic, serial_shops, nicolae_shop_statue_plus, shop, shop,
          minmay_3d_cube, uniq_crazy_yiuf_cottage

Skill      XL: |  1  2 |
---------------+-------+-----
Maces & Flails | 3 |  3.2
Dodging        | 3 |  3.1
Fighting       | |  4.7

Action                   || total
-------------------------++-------
Melee: Mace              ||    75
       Punch             ||     1
Armor: Animal skin       ||    24
Dodge: Dodged            ||    45
